 Dungeon Crawl Stone Soup version 0.30-a0-241-g1121274140 (webtiles) character file.

Game seed: 6527414026635235651

144 KennySheep the Changer (level 4, -6/40 HPs)
             Began as a Demigod Transmuter on Oct 10, 2022.
             Mangled by an ogre
             ... wielding a +0 giant club
              (15 damage)
             ... on level 4 of the Dungeon.
             The game lasted 00:07:12 (2694 turns).

KennySheep the Changer (Demigod Transmuter)         Turns: 2694, Time: 00:07:13

Health: -6/40      AC:  7    Str: 11    XL:     4   Next: 76%
Magic:  14/18      EV: 10    Int: 25    God:
Gold:   172        SH:  0    Dex: 14    Spells: 1/6 levels left

rFire   x . .      SeeInvis .      - Unarmed
rCold   + + +      Faith    .    (shield currently unavailable)
rNeg    . . .      Spirit   .    (body armour currently unavailable)
rPois   +          Reflect  .    (helmet currently unavailable)
rElec   .          Harm     .    (cloak currently unavailable)
rCorr   .          Rampage  .    (gloves currently unavailable)
Will    .....                    (boots currently unavailable)
Stlth   +.........               (no amulet)
HPRegen 0.26/turn                j - ring "Ruymarr" {rPois MP+9}
MPRegen 0.16/turn                m - +6 ring of intelligence

@: ice-form, very slightly contaminated
A: freezing attack, amphibious, boosted hp, large, high MP 1, forlorn, divine
attributes
a: End Transformation


You were on level 4 of the Dungeon.
You were a creature of crystalline ice.
You visited 1 branch of the dungeon, and saw 4 of its levels.

You collected 172 gold pieces.

Inventory:

Hand Weapons
 d - a +0 dagger
Missiles
 e - 6 silver javelins (quivered)
Armour
 a - a +0 robe (melded)
 i - a +0 helmet (melded)
 k - a +0 cloak (melded)
Jewellery
 j - the ring "Ruymarr" (left front paw) {rPois MP+9}
   (You found it on level 2 of the Dungeon)

   [ring of poison resistance]

   rPois:     It protects you from poison.
   MP:        It affects your magic capacity (+9).
 m - a +6 ring of intelligence (right front paw)
Scrolls
 f - a scroll of summoning {unknown}
 g - 2 scrolls of magic mapping {unknown}
 n - a scroll of teleportation {unknown}
 p - 2 scrolls of identify {unknown}
 q - a scroll of brand weapon {unknown}
 s - a scroll of enchant weapon {unknown}
 t - a scroll of silence {unknown}
Potions
 b - 2 potions of lignification
 c - 3 potions of curing
 h - 2 potions of haste {unknown}
 l - a potion of brilliance {unknown}
 o - a potion of flight {unknown}
 r - a potion of might {unknown}


   Skills:
 - Level 0.8 Fighting
 - Level 1.7 Dodging
 - Level 2.6 Unarmed Combat
 - Level 1.7 Spellcasting
 + Level 3.6 Transmutations
 + Level 2.9 Ice Magic


You had one spell level left.
You knew the following spells:

 Your Spells              Type           Power      Damage    Failure   Level
a - Beastly Appendage     Tmut           40%        N/A       2%          1
b - Ice Form              Ice/Tmut       18%        N/A       30%         4

Your spell library contained the following spells:

 Spells                   Type           Power      Damage    Failure   Level
 Wereblood                Tmut           20%        N/A       4%          2
 Cigotuvi's Dreadful Rot  Necr/Pois/Air  4%         N/A       17%         2
 Poisonous Vapours        Pois/Air       4%         N/A       17%         2
 Spider Form              Tmut/Pois      11%        N/A       17%         3
 Mephitic Cloud           Conj/Pois/Air  2%         N/A       34%         3


Dungeon Overview and Level Annotations

Branches:
Dungeon (4/15)
 Temple: D:4-7


Innate Abilities, Weirdness & Mutations

You are a creature of crystalline ice.
You have a powerful freezing melee attack.
You are amphibious.
Your maximum health is increased.
Your armour is entirely melded.
You are incapable of wielding weapons or throwing items.
You have an increased reservoir of magic. (+10% MP)
You shall have no god before yourself.
Your divine heritage dramatically boosts your attributes as you level up.


Message History

The ball python barely misses you. The ball python grabs you.
The ball python constricts you.
You closely miss the ball python.
The ball python is moderately wounded.
The ball python closely misses you. The ball python constricts you.
You escape the ball python's grasp.
You see here a giant cockroach corpse.
The ball python attacks as you move away!
The ball python closely misses you. The ball python barely misses you. x2
Casting: Beastly Appendage (safe; 2% risk of failure)
Confirm with . or Enter, or press ? or * to list all spells.
You miscast Beastly Appendage.
You are very lightly contaminated with residual magic.
Nothing appears to happen.
The ball python bites you but does no damage.
The ball python grabs you. The ball python constricts you.
Casting: Beastly Appendage (safe; 2% risk of failure)
Confirm with . or Enter, or press ? or * to list all spells.
Okay, then.
Casting: Beastly Appendage (safe; 2% risk of failure)
Confirm with . or Enter, or press ? or * to list all spells.
The spell is extremely dangerous to miscast (30% risk of failure)!
Continue anyway?
You turn into a creature of crystalline ice.
Your +0 cloak melds into your body.
Your +0 helmet melds into your body.
Your +0 robe melds into your body.
The ball python loses its grip on you. The ball python closely misses you.
You punch the ball python!
The ball python seems to slow down.
You freeze the ball python.
You kill the ball python!
You punch the ogre! You freeze the ogre.
The ogre is heavily wounded.
The ogre hits you with a +0 giant club!!
Ouch! That really hurt!
* * * LOW HITPOINT WARNING * * *
You hit the ogre. You freeze the ogre.
The ogre is severely wounded.
You hit the ogre. You freeze the ogre.
The ogre is almost dead.
The ogre hits you with a +0 giant club!
You die...

#.####.# #.# #.#
#######.####.#######
...................#
#######.####.#####.#
# #.# #.# #.# .# #.#
#.# #.##.#### #.#
#.#####........ #.#
#.YO..†........ ..#
#######........ ##.
#.####### #.# #.#
#.# #.# #.# #.#


You could see an ogre.

Vanquished Creatures
  Crazy Yiuf (D:2)
  4 gnolls (D:2)
  An ufetubus (D:3)
  A dart slug (D:1)
  2 orcs (D:3)
  9 ball pythons
  2 endoplasms
  7 giant cockroaches
  5 goblins
  3 hobgoblins
  6 jackals
  2 quokkas
  8 bats
  4 frilled lizards
  5 kobolds
  5 rats
65 creatures vanquished.

Vanquished Creatures (others)
  3 fungi (D:2)
3 creatures vanquished.

Grand Total: 68 creatures vanquished

Notes
Turn   | Place    | Note
-------+----------+-------------------------------------------
     0 | D:1      | KennySheep the Demigod Transmuter began the quest for the
                  | Orb.
     0 | D:1      | Reached XP level 1. HP: 15/15 MP: 5/5
    72 | D:1      | Reached skill level 2 in Transmutations
   155 | D:1      | Reached skill level 1 in Ice Magic
   156 | D:1      | Reached XP level 2. HP: 17/22 MP: 5/7
   739 | D:1      | You fall into a shaft and drop 1 floor!
   749 | D:2      | Identified the ring "Ruymarr" {rPois MP+9}
   875 | D:2      | Reached XP level 3. HP: 27/27 MP: 8/8
  1161 | D:2      | Reached skill level 3 in Transmutations
  1167 | D:2      | Reached XP level 4. HP: 23/34 MP: 9/9
  1253 | D:2      | Learned a level 4 spell: Ice Form
  1743 | D:2      | Found a runed translucent door.
  1744 | D:2      | Noticed Crazy Yiuf
  1752 | D:2      | Killed Crazy Yiuf
  1756 | D:2      | Identified the +0 hammer of Kaeskik {flame, Str+3}
  2681 | D:4      | Noticed an ogre
  2694 | D:4      | Mangled by an ogre

Illustrated notes

Levels and vault maps discovered:
D:1:      nicolae_arrival_memento_mori, layout_loops_cross, minmay_pentomino_t4
D:2:      layout_rooms, basic_altar, hellmonk_ecumenical_altar_slurped_away,
          st_stairs_5, grunt_ministairs_14, minmay_misc_feat_rugged,
          minmay_misc_feat_pillars, uniq_crazy_yiuf_cottage
D:3:      layout_loops_ring, general_overflow_altar
D:4:      layout_loops_ring, okawaru_metal_pillars_1_2, serial_shops,
          kennysheep_mini_moat, uniq_eustachio

Skill      XL: |  1  2  3 |
---------------+----------+-----
Transmutations | 2 3 |  3.6
Ice Magic      | 1 2 |  2.9
Fighting       | |  0.8
Dodging        | |  1.7
Unarmed Combat | |  2.6
Spellcasting   | |  1.7

Action                   |  1- 3 |  4- 6 || total
-------------------------+-------+-------++-------
Melee: Unarmed           |   140 |    84 ||   224
       Kick              |     7 |     1 ||     8
       Headbutt          |     2 |       ||     2
       Punch             |     1 |     4 ||     5
Throw: Javelin           |     4 |       ||     4
 Cast: Beastly Appendage |     3 |     1 ||     4
       Ice Form          |       |     2 ||     2
  Use: Potion            |     2 |       ||     2
 Stab: Sleeping          |     2 |     2 ||     4
Armor: Robe              |    44 |    21 ||    65
       Skin              |    15 |       ||    15
Dodge: Dodged            |    94 |    45 ||   139

Table legend: (Time is in decaauts)
 A = Elapsed time spent in this place.
 B = Non-inter-level travel time spent in this place.
 C = Inter-level travel time spent in this place.
 D = Time resting spent in this place.
 E = Time spent auto-exploring this place.
 F = Levels seen in this place.
 G = Mean time per level.
                   A        B        C        D        E       F      G
               +--------+--------+--------+--------+--------+-----+--------+
         Total |   2681 |   2633 |     48 |     95 |   1980 |   4 |  670.2 |
       Dungeon |   2681 |   2633 |     48 |     95 |   1980 |   4 |  670.2 |
               +--------+--------+--------+--------+--------+-----+--------+

Top non-repeatable levels by time:
     D:2: 1038 daAuts
     D:3: 823 daAuts
     D:1: 736 daAuts
     D:4: 83 daAuts
